 Dungeon Crawl Stone Soup version 0.28-a0-1506-g3893175d92 (webtiles) character file.

Game seed: 10571670391036038017

969 murtidash the Magician (level 8, -1/50 HPs)
             Began as a Djinni Ice Elementalist on Jan 13, 2022.
             Slain by a black bear (5 damage)
             ... on level 4 of the Dungeon.
             The game lasted 00:10:51 (6837 turns).

murtidash the Magician (Djinni Ice Elementalist)    Turns: 6837, Time: 00:10:52

Health: -1/50      AC:  4    Str:  7    XL:     8   Next: 38%
Gold:   119        EV: 12    Int: 20    God:
                   SH:  0    Dex: 13

rFire   + + .      SeeInvis .   f - +0 dagger
rCold   x . .      Faith    .   (no shield)
rNeg    . . .      Spirit   .   a - +0 robe
rPois   ∞          Reflect  .   d - +0 helmet
rElec   .          Harm     .   k - +0 cloak
rCorr   +          Rampage  .   (no gloves)
Will    +....                   (boots unavailable)
Stlth   ++........              (no amulet)
HPRegen 0.16/turn               l - ring of willpower
MPRegen 0.00/turn               j - ring of resist corrosion

@: flying
A: sickness immunity, fire resistance 2, cold vulnerability 1, float, innate
caster, hp casting, extra vitality 1
a: no special abilities


You were on level 4 of the Dungeon.
You visited 1 branch of the dungeon, and saw 4 of its levels.

You collected 240 gold pieces.
You spent 121 gold pieces at shops.

Inventory:

Hand Weapons
 f - a +0 dagger (weapon)
   (You took it off a goblin on level 1 of the Dungeon)
Armour
 a - a +0 robe (worn)
 d - a +0 helmet (worn)
   (You took it off Robin on level 4 of the Dungeon)
 k - a +0 cloak (worn)
   (You found it on level 2 of the Dungeon)
Magical Staves
 e - a staff of poison {rPois}
   (You found it on level 1 of the Dungeon)
Jewellery
 j - a ring of resist corrosion (right hand)
   (You found it on level 2 of the Dungeon)
 l - a ring of willpower (left hand)
   (You found it on level 3 of the Dungeon)
Wands
 n - a wand of flame (31)
   (You took it off Robin on level 4 of the Dungeon)
Scrolls
 g - a scroll of blinking {unknown}
 h - 4 scrolls of identify {unknown}
 m - a scroll of silence {unknown}
Potions
 b - a potion of flight {unknown}
 c - a potion of berserk rage {unknown}
 i - 3 potions of heal wounds


   Skills:
 - Level 2.5 Dodging
 - Level 1.9 Stealth
 + Level 7.6 Spellcasting


You had 5 spell levels left.
You knew the following spells:

 Your Spells              Type           Power      Damage    Failure   Level
b - Apportation           Tloc           76%        N/A       1%          1
c - Call Canine Familiar  Summ           38%        N/A       1%          3
g - Frozen Ramparts       Ice            76%        1d9       1%          3
A - Ozocubu's Armour      Ice            38%        N/A       1%          3
U - Wereblood             Tmut           38%        N/A       1%          2
X - Hailstorm             Conj/Ice       38%        3d9       3%          4
Z - Freeze                Ice            100%       1d11      1%          1
Your spell library was empty.

Dungeon Overview and Level Annotations

Branches:
Dungeon (4/15)
 Temple: D:4-7

Altars:
Uskayaw

Shops:
D:3 !


Innate Abilities, Weirdness & Mutations

You are immune to sickness and miasma.
You are immune to poison.
Your flesh is very heat resistant. (rF++)
You are vulnerable to cold. (rC-)
You float through the air rather than walking.
You learn spells naturally, not from books.
Your magical power is your life essence.
You have superior vitality. (+4 MHP)


Message History

Aim: an adder (heavily wounded, ally target)
You freeze the adder!
You kill the adder!
* * * LOW HITPOINT WARNING * * *
You take 1 damage, and have 13/50 hp.
The frozen ramparts melt away.
A bullfrog comes into view.
You regained 19 hp, and now have 32/50 hp.
A bullfrog is nearby!
The bullfrog croaks.
Your hound disappears in a puff of smoke!
The walls around you are covered in ice.
You take 2 damage, and have 30/50 hp.
Aim: a bullfrog You freeze the bullfrog!
The bullfrog seems to slow down.
The wall freezes the bullfrog!
The bullfrog misses you.
You take 1 damage, and have 29/50 hp.
Aim: a bullfrog (severely wounded, slow)
You freeze the bullfrog!
You kill the bullfrog!
You take 1 damage, and have 28/50 hp.
The frozen ramparts melt away.
An adder skeleton comes into view.
You regained 6 hp, and now have 34/50 hp.
You see here a bullfrog corpse.
A water moccasin skeleton comes into view.
Health restored: 50 What are your orders? t - Shout!
Orders for allies: a - Attack new target. r - Retreat! s - Stop attacking. g - Guard the area. f - Follow me.
Anything else - Cancel.
You shout for attention!
A black bear comes into view.
The walls around you are covered in ice.
You take 3 damage, and have 47/50 hp.
The water moccasin skeleton resists.
The wall freezes the water moccasin skeleton.
The water moccasin skeleton misses you.
You closely miss the water moccasin skeleton.
The water moccasin skeleton resists.
The wall freezes the water moccasin skeleton.
The water moccasin skeleton closely misses you.
The water moccasin skeleton completely resists.
The wall freezes the water moccasin skeleton but does no damage.
The water moccasin skeleton bites you.
You take 2 damage, and have 45/50 hp.
You hit the water moccasin skeleton.
The water moccasin skeleton resists.
The wall freezes the water moccasin skeleton.
The water moccasin skeleton bites you.
You take 5 damage, and have 40/50 hp.
You barely miss the water moccasin skeleton.
The water moccasin skeleton completely resists.
The wall freezes the water moccasin skeleton but does no damage.
The water moccasin skeleton barely misses you.
You hit the water moccasin skeleton but do no damage.
The wall freezes the water moccasin skeleton but does no damage.
The water moccasin skeleton bites you.
You take 5 damage, and have 36/50 hp.
You hit the water moccasin skeleton.
The water moccasin skeleton completely resists.
The wall freezes the water moccasin skeleton but does no damage.
The water moccasin skeleton bites you but does no damage.
The wall freezes the black bear.
You barely miss the water moccasin skeleton.
The water moccasin skeleton completely resists.
The wall freezes the water moccasin skeleton but does no damage.
The water moccasin skeleton bites you.
The water moccasin skeleton resists.
The wall freezes the water moccasin skeleton.
The water moccasin skeleton bites you.
You take 10 damage, and have 26/50 hp.
You hit the water moccasin skeleton.
Aim: a black bear (lightly wounded)
You freeze the black bear!
You take 1 damage, and have 25/50 hp.
Aim: a black bear (moderately wounded)
You freeze the black bear.
The wall freezes the black bear.
The black bear closely misses you.
The black bear claws you but does no damage.
The black bear barely misses you.
The water moccasin skeleton resists.
The wall freezes the water moccasin skeleton.
Aim: a black bear (heavily wounded)
You freeze the black bear.
The frozen ramparts melt away.
The black bear goes berserk!
You take 1 damage, and have 24/50 hp.
Aim: a black bear (severely wounded, berserk)
You freeze the black bear! The black bear bites you!
* * * LOW HITPOINT WARNING * * *
The black bear claws you.
* * * LOW HITPOINT WARNING * * *
The black bear claws you but does no damage.
The black bear bites you.
* * * LOW HITPOINT WARNING * * *
The black bear claws you.
* * * LOW HITPOINT WARNING * * *
The black bear claws you but does no damage.
You take 20 damage, and have 4/50 hp.
MASSIVE DAMAGE!!
The black bear bites you.
You die...

## #........ ..#
#....... ...##......
..........
.......#.#.####.#. ..
#....##.#....#.##.....
#..Z#.##......##.#.. .
#..#h#..........#.#...
#..##@...........##...
.#.#................#..
..#.....................
.....#.#..#.†..# #§.§.
..###........#### #.#
####.# #.######## ##.#
###.[..# ...# #..#
#...#####..### #.##
)..[.....># #.#


You could see a black bear (berserk) and a water moccasin skeleton.

Vanquished Creatures
  Sigmund (D:4)
  A black bear (D:4)
  An ogre (D:4)
  A phantom (D:4)
  A bullfrog (D:4)
  A bullfrog zombie (D:4)
  2 hounds
  2 jellies (D:4)
  An orc priest (D:3)
  Natasha (thrice) (D:3)
  An orc wizard (D:3)
  A hound skeleton (D:4)
  Robin (D:4)
  A gnoll (D:2)
  A howler monkey skeleton (D:4)
  7 adders
  A dart slug (D:1)
  7 orcs (D:3)
  5 bats
  8 endoplasms
  6 giant cockroaches
  23 goblins
  11 hobgoblins
  2 jackals (D:2)
  3 quokkas
  8 ball pythons
  3 frilled lizards
  3 kobolds
  3 rats
109 creatures vanquished.

Vanquished Creatures (collateral kills)
  A goblin (D:4)
1 creature vanquished.

Grand Total: 110 creatures vanquished

Notes
Turn   | Place    | Note
-------+----------+-------------------------------------------
     0 | D:1      | murtidash the Djinni Ice Elementalist began the quest for
                  | the Orb.
     0 | D:1      | Reached XP level 1. HP: 15/15 MP: 0/0
   387 | D:1      | Reached XP level 2. HP: 20/21 MP: 0/0
  1215 | D:1      | Reached XP level 3. HP: 21/25 MP: 0/0
  1215 | D:1      | Learned a level 1 spell: Apportation
  1898 | D:2      | Found a hide-covered altar of Uskayaw.
  2085 | D:2      | Reached skill level 4 in Spellcasting
  2088 | D:2      | HP: 2/25 [gnoll (5)]
  2436 | D:2      | Reached XP level 4. HP: 30/31 MP: 0/0
  3439 | D:3      | Noticed Natasha
  3448 | D:3      | Killed Natasha
  3449 | D:3      | Reached XP level 5. HP: 23/35 MP: 0/0
  3449 | D:3      | Learned a level 2 spell: Wereblood
  3832 | D:3      | Noticed Natasha
  3836 | D:3      | HP: 5/35 [Natasha/magic dart (7)]
  3842 | D:3      | Killed Natasha
  3843 | D:3      | Reached skill level 5 in Spellcasting
  4125 | D:3      | Noticed Natasha
  4137 | D:3      | Killed Natasha
  4138 | D:3      | Reached XP level 6. HP: 17/40 MP: 0/0
  4466 | D:3      | Found Mutenoej's Distillery.
  4510 | D:3      | Bought 2 potions of heal wounds for 110 gold pieces
  4510 | D:3      | Bought a potion of degeneration for 11 gold pieces
  5416 | D:4      | Noticed a black bear
  5421 | D:4      | Killed a black bear
  5422 | D:4      | Reached skill level 6 in Spellcasting
  5422 | D:4      | Reached XP level 7. HP: 32/45 MP: 0/0
  5422 | D:4      | Learned a level 3 spell: Call Canine Familiar
  5507 | D:4      | Noticed Sigmund
  5534 | D:4      | HP: 8/45 [hound (4)]
  5540 | D:4      | HP: 4/45 [hound (4)]
  5843 | D:4      | Killed Sigmund
  5843 | D:4      | Noticed Robin
  5967 | D:4      | Killed Robin
  5973 | D:4      | Reached skill level 7 in Spellcasting
  5973 | D:4      | Reached XP level 8. HP: 12/50 MP: 0/0
  6836 | D:4      | HP: 7/50 [black bear (5)]
  6837 | D:4      | Slain by a black bear

Illustrated notes

Levels and vault maps discovered:
D:1:      lightli_arrival_chessboard, layout_basic, minmay_worlds_worst_comb
D:2:      cheibrodos_greedy_goblins, layout_rooms, basic_altar,
          hangedman_decor_peaks_small, kennysheep_generic_room_2
D:3:      layout_basic, serial_shops, nicolae_shop_hallway_plus, uniq_natasha
D:4:      layout_rooms, minmay_misc_feat_secret_circle, minmay_vboxes,
          uniq_sigmund, uniq_robin

Skill      XL: |  1  2  3  4  5  6  7 |
---------------+----------------------+-----
Spellcasting   | 4 5 6 7 |  7.6
Dodging        | |  2.5
Stealth        | |  1.9

Action                   |  1- 3 |  4- 6 |  7- 9 || total
-------------------------+-------+-------+-------++-------
Melee: Staff             |    20 |       |       ||    20
       Dagger            |     7 |    12 |    29 ||    48
       Punch             |       |     1 |       ||     1
 Cast: Freeze            |    54 |    92 |    23 ||   169
       Frozen Ramparts   |       |    10 |    17 ||    27
       Ozocubu's Armour  |       |     2 |     2 ||     4
       Call Canine Famil |       |       |     6 ||     6
  Use: Potion            |       |     1 |     1 ||     2
 Stab: Distracted        |       |       |     1 ||     1
Armor: Robe              |    26 |    21 |    19 ||    66
Dodge: Dodged            |    65 |    55 |    35 ||   155

Table legend: (Time is in decaauts)
 A = Elapsed time spent in this place.
 B = Non-inter-level travel time spent in this place.
 C = Inter-level travel time spent in this place.
 D = Time resting spent in this place.
 E = Time spent auto-exploring this place.
 F = Levels seen in this place.
 G = Mean time per level.
                   A        B        C        D        E       F      G
               +--------+--------+--------+--------+--------+-----+--------+
         Total |   6843 |   6685 |    158 |      0 |   5940 |   4 | 1710.8 |
       Dungeon |   6843 |   6685 |    158 |      0 |   5940 |   4 | 1710.8 |
               +--------+--------+--------+--------+--------+-----+--------+

Top non-repeatable levels by time:
     D:3: 2672 daAuts
     D:1: 1636 daAuts
     D:2: 1521 daAuts
     D:4: 1012 daAuts

Table legend:
 A = Kills in this place as a percentage of kills in entire the game.
 B = Kills by you in this place as a percentage of kills by you in the entire game.
 C = Kills by friends in this place as a percentage of kills by friends in the entire game.
 D = Other kills in this place as a percentage of other kills in the entire game.
 E = Experience gained in this place as a percentage of experience gained in the entire game.
 F = Experience gained in this place divided by the number of levels of this place that you have seen.
                   A       B       C       D       E      F
               +-------+-------+-------+-------+-------+----------------------
         Total | 100.0 | 100.0 | 100.0 |   N/A | 100.0 | 346.2
       Dungeon | 100.0 | 100.0 | 100.0 |   N/A | 100.0 | 346.2
               +-------+-------+-------+-------+-------+----------------------
